Map: Catalyst LE

Players

SpeCial - Winner!

  • Race: Terran Terran
  • Spawn Location: 5:00

Snute

  • Race: Zerg Zerg
  • Spawn Location: 11:00

Event: IEM Season 12 - Katowice

VOD

Have the link to the VOD?

Description

Time

  • Played on: Feb. 27, 2018, 8:30 a.m.
  • Length: 30:48

All games in this series

Show
View Real Time Build Order
Export as new Build Order

SpeCial Terran - Winner!

Build Orders: Reaper Expand, Bio Tank 

Get SALT Encoding   

  12  0:00  SCV  
  13  0:12  SCV  
  14  0:17  Supply Depot  
  14  0:24  SCV  
  15  0:38  SCV  
  15  0:39  Barracks  
  16  0:44  Refinery  
  16  0:51  SCV  
  17  1:03  SCV  
  18  1:15  SCV  
  19  1:27  Orbital Command  
  19  1:28  Reaper  
  20  1:40  Command Center  
  20  1:53  SCV  
  21  1:55  Supply Depot  
  21  2:00  Marine  
  22  2:05  SCV  
  23  2:11  Factory  
  23  2:17  SCV  
  23  2:21  Barracks Reactor  
  24  2:30  SCV  
  24  2:34  Engineering Bay  
  25  2:40  Refinery  
  25  2:42  SCV  
  26  2:53  Orbital Command  
  26  2:54  SCV  
  26  2:58  Starport  
  27  3:03  Hellion  
  29  3:06  SCV  
  29  3:07  Hellion  
  31  3:13  Barracks Tech Lab  
  31  3:18  SCV  
  31  3:19  SCV  
  33  3:25  Hellion  
  35  3:29  Hellion  
  35  3:30  SCV  
  38  3:34  SCV  
  38  3:38  Supply Depot  
  39  3:42  Raven  
  39  3:44  SCV  
  39  3:46  SCV  
  43  3:49  Hellion  
  43  3:53  Barracks Tech Lab  
  43  3:55  Supply Depot  
  45  3:56  SCV  
  45  4:00  SCV, Hellion  
  49  4:09  SCV  
  50  4:12  SCV  
  50  4:13  Command Center  
  50  4:17  Stimpack  
  51  4:21  SCV  
  53  4:24  SCV  
  53  4:29  Marine  
  54  4:32  Supply Depot  
  54  4:33  SCV  
  54  4:37  Barracks  
  55  4:38  SCV  
  55  4:39  Barracks  
  55  4:42  Siege Tank  
  55  4:44  Starport Reactor  
  55  4:45  SCV  
  60  4:47  Marine  
  60  4:50  SCV  
  62  4:57  SCV  
  61  5:03  SCV  
  61  5:05  Marine  
  57  5:09  SCV  
  57  5:13  Engineering Bay x2  
  54  5:15  SCV  
  54  5:19  Refinery  
  54  5:20  Refinery  
  55  5:21  SCV  
  55  5:23  Siege Tank, Marine  
  55  5:25  Orbital Command  
  55  5:27  Starport Reactor, SCV, Marine  
  55  5:28  Marine  
  63  5:31  Supply Depot  
  63  5:33  SCV  
  64  5:36  Marine  
  64  5:37  Marine  
  64  5:39  SCV  
  64  5:41  Marine  
  68  5:43  Terran Infantry Weapons Level 1  
  68  5:45  SCV  
  68  5:46  Marine x2  
  68  5:47  Terran Infantry Armor Level 1  
  71  5:51  SCV  
  71  5:54  Marine  
  73  5:57  SCV, Marine  
  73  5:59  Marine  
  73  6:03  Marine, Medivac  
  79  6:04  Medivac  
  79  6:09  Supply Depot x2  
  81  6:12  Marine  
  81  6:13  Barracks  
  81  6:14  Orbital Command, Marine  
  81  6:15  Marine, Barracks  
  81  6:16  Marine  
  85  6:18  Siege Tank  
  85  6:22  SCV x2  
  90  6:27  Marine, Combat Shields  
  90  6:30  Marine  
  90  6:32  Marine  
  92  6:33  Supply Depot, Marine  
  92  6:34  SCV x2, Marine  
  92  6:35  Supply Depot  
  92  6:37  Medivac  
  99  6:40  SCV  
  99  6:45  Marine  
  99  6:46  SCV x2  
  103  6:48  Marine, Medivac  
  103  6:52  SCV  
  107  6:54  Armory  
  107  6:58  SCV x2  
  107  6:59  Refinery  
  107  7:00  Marine x2, Refinery  
  110  7:04  SCV  
  110  7:06  Siege Tank  
  114  7:13  SCV  
  115  7:18  Marine  
  115  7:19  Marine x2, Medivac  
  115  7:21  SCV  
  117  7:23  SCV  
  117  7:26  Marine x3  
  121  7:32  SCV  
  121  7:33  Marine  
  121  7:35  SCV, Marine  
  125  7:37  Factory  
  125  7:40  Siege Tank  
  115  7:45  Marine x2  
  115  7:46  Marine  
  115  7:49  Barracks Reactor x2  
  115  7:51  SCV x3, Marine  
  111  7:53  Marine  
  111  7:54  Terran Infantry Weapons Level 2  
  113  8:03  Marine x3  
  113  8:05  Terran Infantry Armor Level 2  
  116  8:08  Marine  
  116  8:09  Supply Depot  
  116  8:10  Supply Depot  
  116  8:11  Marine  
  118  8:16  Siege Tank  
  121  8:20  Supply Depot, Terran Vehicle Weapons Level 1  
  121  8:21  Marine x3  
  121  8:23  Command Center  
  121  8:26  Marine  
  124  8:28  Marine, Factory Tech Lab  
  124  8:30  Marine  
  124  8:31  Marine  
  127  8:36  Barracks  
  127  8:37  Marine  
  127  8:38  Barracks  
  127  8:39  Marine x2  
  127  8:40  Marine x2, Liberator  
  132  8:43  Barracks  
  132  8:44  Liberator  
  132  8:45  Marauder  
  132  8:46  Marine  
  132  8:48  Siege Tank, Marine x2  
  138  8:50  Siege Tank  
  138  8:55  Marine  
  143  8:57  Marine  
  143  9:00  Supply Depot  
  149  9:06  Marauder  
  149  9:07  Supply Depot, Marine x2  
  149  9:11  Supply Depot  
  149  9:13  Supply Depot, Marine x5  
  149  9:14  Supply Depot, Marine  
  149  9:25  Marine x2  
  149  9:27  Marauder  
  149  9:28  Siege Tank x2  
  149  9:29  Barracks Tech Lab x2  
  158  9:31  Marine  
  159  9:42  Marine x2  
  159  9:43  Medivac  
  159  9:44  Medivac  
  165  9:47  Barracks Tech Lab  
  165  9:49  Marauder  
  165  9:50  Marine  
  165  9:51  Marauder  
  170  9:57  Marine x3, Marauder  
  170  9:58  Marine x2  
  177  10:02  Planetary Fortress  
  177  10:05  Marine x3  
  180  10:08  Siege Tank, Marine  
  180  10:10  Marauder  
  180  10:12  Siege Tank, Marine  
  190  10:19  Terran Infantry Weapons Level 3  
  190  10:20  Marine x2  
  190  10:27  Marine, Marauder  
  190  10:35  Medivac  
  173  10:37  Marine  
  173  10:38  Medivac, Marauder  
  173  10:40  Marine, Marauder  
  170  10:43  Marine x2  
  170  10:44  Marine, Marauder  
  170  10:46  Ghost Academy  
  170  10:49  Siege Tank  
  174  10:53  Marauder  
  174  10:55  Marine x2  
  174  10:56  Marine x2  
  180  10:58  Marine  
  180  10:59  Marauder  
  180  11:01  Marine x3  
  180  11:02  Marauder  
  179  11:10  Marauder  
  168  11:13  Marine x2  
  168  11:14  Siege Tank  
  168  11:16  Marine, Marauder  
  170  11:21  Marauder  
  170  11:22  Medivac x2  
  170  11:23  Marauder  
  170  11:25  Marine  
  178  11:29  Marine  
  178  11:32  Marauder  
  173  11:34  Refinery  
  173  11:35  Refinery  
  173  11:36  Terran Infantry Armor Level 3  
  173  11:38  Marauder  
  173  11:39  Marine  
  175  11:40  Marine  
  175  11:42  Marauder  
  175  11:44  Marine x2  
  175  11:45  Marauder  
  186  11:52  Marine, Medivac x2  
  186  11:53  Marine x4  
  184  11:57  Marine x2  
  184  11:59  Marine, Starport  
  187  12:02  Marine  
  187  12:03  Marauder  
  189  12:10  Marine  
  189  12:11  Marauder  
  189  12:13  Marine x2  
  192  12:16  Marine  
  192  12:18  Marine x4  
  192  12:19  Marine  
  198  12:27  Starport  
  185  12:35  Siege Tank  
  169  12:41  Starport Reactor  
  169  12:42  Viking x2  
  165  12:46  Marine x2  
  165  12:47  Marine x3, Marauder x2  
  165  12:49  Marine  
  175  12:52  Marine x2  
  177  13:01  Command Center  
  177  13:02  Marine x2  
  177  13:04  Marine  
  178  13:09  Concussive Shells  
  178  13:10  Marine, Marauder  
  178  13:12  Viking x2  
  185  13:15  Viking  
  185  13:19  Marine  
  190  13:20  Marine, Marauder  
  190  13:21  Marine x2  
  190  13:22  Marine  
  190  13:26  Sensor Tower  
  194  13:27  Siege Tank  
  194  13:28  Siege Tank  
  194  13:31  Supply Depot  
  200  13:43  Viking  
  194  13:48  Marine  
  194  13:49  Marauder  
  179  14:06  Marauder  
  179  14:09  Marine  
  174  14:10  Medivac x2, Marauder  
  174  14:11  Viking  
  174  14:13  Terran Ship Weapons Level 1  
  174  14:15  Medivac x2  
  171  14:19  Marine  
  171  14:20  Marauder  
  171  14:22  Supply Depot, Personal Cloaking  
  174  14:30  Marine, Marauder  
  177  14:37  Armory  
  177  14:38  Sensor Tower, Marine  
  177  14:39  Marine x3, Marauder  
  177  14:40  Medivac  
  177  14:44  Supply Depot, Medivac x2  
  189  14:50  Ghost x2  
  193  14:58  Building Armor, Hi-Sec Auto Tracking  
  193  14:59  Starport Reactor  
  181  15:14  Liberator x3  
  176  15:21  Marine x2  
  176  15:22  Marine, Marauder  
  176  15:23  Marine x2  
  176  15:28  Marine x2  
  165  15:29  Marine x3, Marauder  
  165  15:32  Viking  
  175  15:39  Marine  
  175  15:43  Planetary Fortress, Marauder  
  175  15:48  Ghost, Marine  
  180  15:50  Nuke  
  180  15:51  Ghost Academy  
  180  15:55  Siege Tank, Marine x2, Marauder  
  185  15:59  Command Center  
  185  16:00  Marine x2, Marauder  
  189  16:05  Marine  
  189  16:06  Marauder  
  189  16:09  Marine  
  193  16:12  Siege Tank, Marine  
  193  16:17  Marauder  
  193  16:18  Marine  
  200  16:19  Nuke  
  200  16:21  Terran Ship Weapons Level 2  
  200  16:22  Terran Vehicle And Ship Armor Level 1  
  200  16:37  Marine x2  
  200  16:38  Marine, Marauder  
  195  16:47  Nuke  
  195  16:52  Marine x2, Marauder  
  195  16:53  Marine  
  200  16:58  Marine  
  200  16:59  Marauder  
  200  17:03  Viking  
  200  17:14  Orbital Command  
  200  17:18  Viking  
  200  17:22  Marine  
  200  17:32  Starport x2  
  199  17:48  Fusion Core  
  197  18:01  Viking  
  197  18:09  Marauder  
  197  18:12  Viking x2  
  199  18:13  Starport Tech Lab  
  199  18:14  Starport Tech Lab  
  199  18:23  Viking  
  199  18:25  Viking x2  
  198  18:28  Terran Vehicle And Ship Armor Level 2  
  186  18:35  Raven x2  
  186  18:36  Corvid Reactor  
  186  18:42  Medivac x2  
  186  18:48  Viking  
  175  18:53  Viking  
  175  18:54  Viking  
  175  18:55  Viking, Marine  
  163  18:56  Marine x4  
  163  18:57  Marine  
  163  19:00  Refinery x2  
  163  19:01  Refinery  
  163  19:02  Command Center, Refinery  
  168  19:12  Viking x2  
  166  19:18  Marine  
  166  19:19  Marauder  
  166  19:21  Raven x2  
  166  19:22  Viking  
  166  19:23  Viking  
  168  19:24  Medivac  
  168  19:25  Marine x3, Medivac, Marauder  
  168  19:34  Marine  
  168  19:35  Marauder  
  153  19:39  Command Center  
  153  19:42  Viking, Medivac  
  153  19:45  Marine x6  
  159  19:46  Marine x4  
  169  19:53  Viking  
  169  19:57  Marine, Marauder  
  174  20:03  Marine x4  
  174  20:04  Marauder, Raven  
  174  20:06  Raven  
  184  20:09  Marine x2, Marauder  
  184  20:13  Marine x2  
  188  20:14  Marine  
  188  20:15  Starport Tech Lab  
  188  20:18  Marine  
  188  20:21  Marine  
  191  20:23  Command Center  
  190  20:31  Marine x2  
  190  20:32  Marine, Marauder x2  
  196  20:38  Raven  
  195  20:46  Ghost  
  195  20:47  Raven  
  195  20:48  Marine  
  194  20:50  Advanced Ballistics  
  194  20:52  Barracks  
  194  20:53  Barracks  
  194  20:54  Unknown x3  
  194  20:56  Marine, Marauder  
  195  20:57  Raven  
  195  21:01  Marine  
  195  21:03  Marine  
  196  21:11  Unknown x2  
  196  21:12  Unknown x3  
  196  21:18  Ghost x2  
  188  21:21  Raven  
  188  21:22  Medivac  
  188  21:25  Marine x2, Marauder  
  191  21:26  Marauder  
  191  21:27  Orbital Command  
  194  21:42  Missile Turret, Barracks  
  194  21:43  Barracks  
  194  21:46  Ghost x3  
  194  21:57  Medivac  
  196  22:03  Planetary Fortress  
  196  22:05  Refinery  
  196  22:06  Refinery  
  196  22:11  Ghost  
  198  22:26  Ghost  
  198  22:27  Barracks Tech Lab x2  
  200  22:31  Missile Turret x2  
  200  22:34  Missile Turret  
  200  22:35  Missile Turret x2  
  200  22:37  Missile Turret  
  200  22:50  Unknown  
  200  22:51  Ghost x2  
  172  23:13  Ghost x3  
  172  23:17  Ghost  
  172  23:19  Ghost  
  163  23:21  Marine x2, Marauder  
  168  23:28  Missile Turret  
  168  23:29  Marine  
  168  23:30  Marine x2  
  168  23:31  Barracks Reactor, Barracks Tech Lab  
  168  23:32  Missile Turret  
  168  23:33  Missile Turret, Liberator x2  
  171  23:34  Missile Turret  
  171  23:36  Missile Turret  
  171  23:37  Missile Turret  
  171  23:38  Marine x2  
  173  23:42  Marauder x2  
  173  23:43  Marauder  
  179  23:48  Nuke x2  
  185  23:55  Marine  
  185  23:56  Marauder  
  188  24:09  Marine, Marauder  
  187  24:12  Raven x2  
  191  24:19  Raven  
  191  24:23  Missile Turret  
  193  24:24  Missile Turret  
  193  24:26  Medivac  
  194  24:33  Missile Turret, Terran Ship Weapons Level 3  
  194  24:34  Missile Turret  
  194  24:46  Command Center  
  194  24:51  Command Center x2  
  194  24:55  Raven  
  194  25:03  Liberator x2  
  194  25:08  Nuke x2  
  194  25:17  Command Center  
  193  25:34  Liberator x2  
  180  25:44  Ghost x2  
  180  25:49  Marine  
  187  25:50  Marauder  
  190  26:08  Liberator x2  
  190  26:16  Nuke  
  190  26:17  Raven x2  
  190  26:18  Raven  
  194  26:32  Marauder  
  200  26:46  Marine, Marauder  
  199  26:50  Orbital Command  
  199  26:54  Marine  
  200  27:06  Orbital Command  
  200  27:16  Refinery  
  200  27:23  Refinery  
  197  27:50  Marine, Marauder  
  198  28:00  Unknown x4  
  184  28:10  Marine, Marauder  
  184  28:12  Marine  
  187  28:13  Marauder  
  187  28:16  Liberator  
  187  28:17  Liberator  
  184  28:25  Cyclone x2  
  158  28:30  Marine  
  158  28:31  Marine, Marauder x2  
  158  28:32  Marine x2, Marauder  
  158  28:34  Planetary Fortress  
  152  28:36  Marine x2, Marauder x2  
  152  28:37  Marine  
  152  28:38  Marauder  
  161  28:43  Ghost, Marine  
  161  28:44  Marine  
  161  28:46  Marine  
  166  28:51  Ghost  
  166  28:53  Marauder  
  166  28:54  Marauder  
  172  28:57  Cyclone  
  172  29:01  Marine  
  172  29:02  Marauder  
  178  29:10  Ghost x2, Marine x3  
  178  29:11  Marine  
  178  29:16  Raven x3  
  192  29:23  Unknown x10  
  192  29:24  Unknown  
  192  29:25  Unknown  
  185  29:56  Marine, Marauder  
  185  29:57  Marine, Marauder  
  185  29:58  Marine x3, Marauder  
  185  29:59  Raven x3  
  178  30:03  Marine  
  178  30:04  Viking x3  
  175  30:08  Marine, Marauder  
  175  30:12  Marine  
  175  30:13  Marauder  
  165  30:24  Marine x2  
  165  30:25  Marine x3, Marauder  
  140  30:28  Marine  
  140  30:29  Marine x3  
Show
View Real Time Build Order
Export as new Build Order

Snute Zerg 

Build Orders: Pool First, Brood Lord Corruptor 

Get SALT Encoding   

  12  0:00  Drone  
  13  0:12  Overlord  
  13  0:17  Drone  
  14  0:30  Drone x2  
  14  0:34  Drone  
  17  0:44  Spawning Pool  
  17  0:48  Drone  
  17  1:09  Hatchery  
  16  1:11  Drone  
  16  1:14  Drone  
  16  1:16  Extractor  
  17  1:19  Drone  
  18  1:30  Queen  
  20  1:33  Zergling x2  
  20  1:39  Overlord  
  21  1:49  Drone  
  22  2:00  Drone  
  23  2:06  Queen  
  25  2:11  Drone  
  26  2:16  Metabolic Boost  
  26  2:21  Queen  
  26  2:22  Drone  
  29  2:24  Drone  
  30  2:31  Spore Crawler  
  30  2:32  Zergling x2  
  30  2:35  Drone  
  31  2:38  Drone x2  
  32  2:45  Overlord  
  32  2:47  Drone x2  
  35  2:54  Overlord  
  35  3:04  Zergling x4  
  37  3:06  Drone  
  38  3:15  Drone  
  38  3:17  Drone x3  
  38  3:18  Drone x3  
  45  3:37  Hatchery  
  45  3:39  Queen x2  
  48  3:45  Overlord  
  48  3:46  Drone x2  
  50  3:48  Drone  
  50  3:52  Overlord  
  51  4:04  Drone x5  
  51  4:05  Drone x2  
  51  4:06  Drone  
  59  4:15  Zergling x2  
  60  4:17  Queen x2  
  60  4:21  Evolution Chamber  
  60  4:22  Evolution Chamber  
  61  4:25  Overlord  
  61  4:27  Drone x2  
  61  4:30  Overlord  
  62  4:32  Drone  
  62  4:35  Drone x2  
  62  4:37  Drone x2  
  67  4:47  Zergling x4  
  67  4:52  Zergling x6  
  70  4:53  Zergling x4  
  54  5:07  Drone x5  
  54  5:10  Drone  
  54  5:12  Drone  
  60  5:16  Drone x2  
  62  5:24  Drone  
  62  5:25  Zerg Missile Weapons Level 1, Zerg Ground Armor Level 1  
  62  5:27  Drone  
  62  5:28  Drone  
  63  5:32  Drone  
  64  5:35  Drone  
  64  5:37  Drone  
  64  5:40  Drone  
  64  5:41  Drone x2  
  64  5:42  Drone x2  
  71  5:43  Drone x2  
  71  5:47  Drone  
  71  5:49  Lair  
  74  5:50  Drone  
  74  5:51  Drone  
  74  5:54  Drone x2  
  74  5:56  Drone  
  79  5:59  Extractor  
  79  6:00  Extractor  
  79  6:01  Extractor  
  79  6:02  Extractor  
  79  6:04  Drone, Roach Warren  
  75  6:05  Drone, Extractor  
  75  6:06  Drone  
  75  6:08  Drone  
  75  6:09  Drone  
  75  6:10  Drone  
  79  6:12  Drone  
  79  6:13  Drone  
  79  6:14  Drone  
  79  6:16  Drone x2  
  79  6:18  Drone x2  
  86  6:19  Drone  
  86  6:21  Drone  
  86  6:23  Drone  
  89  6:27  Overlord  
  89  6:28  Overlord  
  89  6:33  Overlord  
  89  6:35  Overlord  
  89  6:40  Overlord  
  89  6:46  Infestation Pit  
  89  6:47  Glial Reconstitution  
  88  6:48  Roach x6  
  88  6:51  Roach x2  
  104  6:54  Roach  
  104  6:55  Roach  
  108  7:03  Roach x3  
  108  7:06  Roach  
  108  7:07  Roach  
  118  7:10  Ravager x2  
  118  7:11  Roach  
  118  7:12  Roach x3  
  125  7:21  Roach x6  
  129  7:24  Roach  
  129  7:29  Hive  
  127  7:33  Roach x3  
  129  7:37  Overlord x2  
  129  7:42  Overlord  
  114  7:45  Drone x5  
  114  7:46  Queen  
  118  7:53  Zerg Ground Armor Level 2  
  116  8:00  Zerg Missile Weapons Level 2  
  116  8:02  Hatchery  
  116  8:04  Ravager  
  116  8:05  Queen  
  116  8:09  Ravager  
  116  8:11  Roach x2  
  123  8:14  Roach x2  
  123  8:17  Drone  
  123  8:18  Drone  
  123  8:19  Roach x3  
  135  8:30  Queen  
  135  8:35  Spire  
  135  8:41  Queen  
  134  8:44  Queen  
  134  8:48  Ravager x2  
  135  9:04  Roach x5  
  135  9:06  Queen  
  146  9:10  Spore Crawler, Roach, Ravager x2  
  146  9:17  Roach, Queen  
  146  9:18  Roach x3  
  146  9:19  Queen  
  146  9:23  Ravager  
  146  9:24  Ravager  
  157  9:27  Roach  
  159  9:33  Overlord x3  
  159  9:49  Greater Spire  
  159  9:50  Overlord x2  
  159  9:51  Queen  
  159  9:52  Queen  
  161  9:56  Roach x4  
  161  9:57  Roach x6  
  183  10:00  Overlord  
  183  10:21  Roach x9  
  199  10:25  Overlord  
  154  10:36  Roach x12  
  154  10:40  Ravager  
  154  10:41  Ravager  
  177  10:42  Roach  
  177  10:43  Roach x3  
  183  10:50  Roach x2  
  183  10:55  Roach x2  
  183  11:08  Corruptor  
  183  11:09  Corruptor x3  
  168  11:23  Drone x6  
  168  11:25  Extractor x2  
  170  11:30  Drone x7  
  170  11:31  Drone  
  175  11:39  Brood Lord  
  179  11:40  Brood Lord  
  179  11:45  Drone x2  
  179  11:46  Drone x2  
  183  11:48  Brood Lord  
  185  11:57  Roach x4  
  193  12:09  Zerg Missile Weapons Level 3  
  187  12:16  Brood Lord  
  187  12:19  Queen x3  
  187  12:20  Queen  
  185  12:37  Corruptor x3  
  185  12:38  Corruptor  
  185  12:43  Drone x3  
  194  12:49  Hydralisk Den  
  193  13:05  Hatchery  
  186  13:08  Brood Lord x3  
  186  13:11  Brood Lord  
  190  13:16  Spore Crawler  
  190  13:17  Spore Crawler  
  190  13:18  Zerg Flyer Armor Level 1  
  188  13:40  Roach x5  
  188  13:41  Roach  
  181  13:50  Queen  
  181  13:51  Queen  
  173  13:56  Spore Crawler  
  173  14:00  Corruptor x3  
  173  14:01  Corruptor x3  
  173  14:02  Queen x2  
  166  14:13  Drone  
  166  14:14  Drone x3  
  166  14:15  Hydralisk  
  166  14:16  Hydralisk x5, Grooved Spines  
  181  14:26  Queen  
  181  14:31  Brood Lord  
  191  14:33  Brood Lord x2  
  187  14:44  Brood Lord  
  187  14:45  Brood Lord  
  191  14:47  Queen x3  
  197  14:56  Hydralisk  
  199  15:01  Spore Crawler  
  199  15:02  Spore Crawler  
  199  15:06  Hatchery  
  177  15:23  Hydralisk  
  177  15:24  Hydralisk x6  
  181  15:29  Hydralisk  
  181  15:30  Hydralisk x4  
  169  15:42  Zerg Ground Armor Level 3  
  161  15:44  Brood Lord  
  161  15:48  Hydralisk  
  165  15:51  Extractor  
  164  15:57  Drone x4  
  168  16:07  Viper  
  171  16:20  Viper  
  171  16:22  Spore Crawler  
  171  16:23  Spore Crawler  
  171  16:25  Ravager  
  173  16:26  Roach x5, Spore Crawler  
  184  16:53  Viper  
  181  17:02  Pneumatized Carapace  
  181  17:03  Overseer  
  181  17:07  Overseer  
  181  17:09  Hatchery  
  181  17:11  Drone x3, Hydralisk x3  
  188  17:37  Hatchery  
  188  17:39  Spore Crawler  
  188  17:43  Spore Crawler  
  191  17:45  Corruptor  
  191  17:46  Corruptor x2  
  187  18:11  Viper x2  
  193  18:26  Queen x3  
  199  18:42  Overlord  
  197  18:57  Extractor  
  197  18:59  Drone  
  197  19:00  Drone x4  
  197  19:01  Drone  
  200  19:05  Zerg Flyer Armor Level 2  
  200  19:06  Zerg Melee Weapons Level 1  
  180  19:25  Drone x6, Spore Crawler  
  180  19:26  Drone x8  
  183  19:40  Extractor x2  
  183  19:43  Spore Crawler  
  183  19:44  Spore Crawler, Brood Lord x2  
  183  19:45  Brood Lord  
  185  19:51  Viper x2  
  191  19:54  Viper  
  194  20:03  Drone  
  194  20:04  Drone  
  196  20:12  Hatchery  
  195  20:41  Spore Crawler  
  195  20:42  Spore Crawler  
  193  20:47  Overseer x2  
  193  20:57  Corruptor x2  
  193  21:01  Spore Crawler  
  193  21:02  Spore Crawler  
  191  21:25  Zerg Flyer Armor Level 3  
  191  21:27  Brood Lord  
  191  21:28  Brood Lord  
  195  21:40  Spore Crawler x2  
  195  21:41  Spore Crawler  
  192  21:55  Drone x2  
  192  21:56  Infestor x2  
  192  21:58  Spore Crawler  
  192  21:59  Spore Crawler x2  
  195  22:24  Drone x5  
  200  22:30  Zerg Melee Weapons Level 2  
  200  22:36  Spore Crawler  
  197  22:37  Spore Crawler x2, Burrow  
  175  23:08  Corruptor  
  175  23:09  Corruptor x2  
  163  23:20  Drone x8  
  163  23:24  Corruptor x4  
  177  23:34  Extractor  
  176  23:51  Brood Lord x2  
  180  24:00  Hatchery  
  171  24:11  Brood Lord  
  171  24:12  Queen  
  171  24:13  Queen  
  177  24:18  Queen  
  177  24:19  Queen x2  
  183  24:38  Brood Lord  
  183  24:48  Queen x2  
  183  25:01  Extractor  
  183  25:04  Extractor  
  183  25:05  Brood Lord  
  183  25:06  Brood Lord x2  
  187  25:11  Drone x2  
  187  25:12  Drone x4  
  191  25:25  Viper  
  194  25:35  Queen x2  
  194  25:51  Hatchery  
  189  25:58  Zerg Flyer Weapons Level 1  
  189  25:59  Viper  
  186  26:24  Drone x3  
  189  26:26  Roach  
  189  26:27  Roach x4  
  197  26:43  Corruptor  
  199  26:51  Extractor  
  198  27:02  Queen  
  200  27:18  Queen  
  198  27:42  Brood Lord  
  198  27:48  Spore Crawler  
  198  27:49  Spore Crawler  
  198  27:50  Spore Crawler  
  195  27:51  Spore Crawler x2  
  195  27:52  Spore Crawler  
  192  28:13  Queen x2  
  192  28:18  Queen  
  192  28:19  Queen  
  183  28:25  Corruptor x6  
  145  28:44  Corruptor x5  
  141  28:48  Queen x2  
  141  28:52  Hatchery  
  144  29:00  Brood Lord x2  
  148  29:10  Queen, Brood Lord  
  148  29:11  Queen  
  148  29:12  Extractor  
  153  29:24  Queen  
  153  29:27  Brood Lord  
  157  29:41  Brood Lord  
  148  29:53  Hydralisk x2  
  118  30:25  Roach  
  118  30:26  Roach x9  

Tags
 
Add a new tag
Caveats
  • Supply blocks, unpowered buildings, or Contaminate may cause inaccurate times.
  • Supply counts are checked every 10 seconds.